 Dungeon Crawl Stone Soup version 0.23.2-30-g0e89c35649 (webtiles) character file.

Game seed: 12656551026182104553

229 Solarlg the Cudgeler (level 6, 0/94 HPs)
             Began as an Ogre Berserker on June 10, 2019.
             Was a Priest of Trog.
             Slain by Pikel
             ... wielding a +2 whip of flaming
              (3 damage)
             ... on level 4 of the Dungeon.
             The game lasted 00:07:58 (4287 turns).

Solarlg the Cudgeler (Ogre Berserker)               Turns: 4287, Time: 00:07:58

Health: 0/94       AC:  3    Str: 29    XL:     6   Next: 3%
Magic:  6/6        EV: 10    Int:  8    God:    Trog [***...]
Gold:   90         SH:  0    Dex:  8    Spells: 5/5 levels left

rFire    . . .     SeeInvis .   a - +0 mace
rCold    . . .     Gourm    .   (no shield)
rNeg     . . .     Faith    .   b - +0 animal skin
rPois    .         Spirit   .   (helmet restricted)
rElec    .         Reflect  .   (no cloak)
rCorr    .         Harm     .   (gloves unavailable)
MR       .....                  (boots unavailable)
Stlth    ..........             (no amulet)
HPRegen  0.25/turn              (no ring)
MPRegen  0.10/turn              (no ring)

@: berserking, hasted, very quick
A: large, unfitting armour, tough skin 1
a: Berserk, Trog's Hand, Renounce Religion


You were on level 4 of the Dungeon.
You worshipped Trog.
Trog was most pleased with you.
You were near starving.

You visited 1 branch of the dungeon, and saw 4 of its levels.

You collected 90 gold pieces.

Inventory:

Hand Weapons
 a - a +0 mace (weapon)
Armour
 b - a +0 animal skin (worn)
Jewellery
 m - a +5 ring of protection {unknown}
Scrolls
 d - a scroll of fog {unknown}
 e - 4 scrolls of teleportation {unknown}
 f - 2 scrolls of identify {unknown}
 j - a scroll of amnesia {unknown}
 k - a scroll of remove curse {unknown}
 l - a scroll of fear {unknown}
Potions
 g - a potion of curing
 h - a potion of ambrosia {unknown}
 i - a potion of haste
 n - a potion of mutation {unknown}
Comestibles
 c - 5 rations


   Skills:
 - Level 4.4 Fighting
 + Level 5.5 Maces & Flails
 - Level 3.0 Dodging


You had 5 spell levels left.
You didn't know any spells.
Your spell library was empty.

Dungeon Overview and Level Annotations

Branches:
Dungeon (4/15)
 Temple: D:4-7

Altars:
Okawaru
Yredelemnul

Annotations:
D:4 Pikel


Innate Abilities, Weirdness & Mutations

You are too large for most types of armour.
You have tough skin. (AC +1)


Message History

Pikel hits you with a +2 whip of flaming.
* * * LOW HITPOINT WARNING * * *
Pikel burns you.
* * * LOW HITPOINT WARNING * * *
A red film seems to cover your vision as you go berserk!
You feel yourself moving faster!
You feel mighty!
You are near starving!
Unknown command.
You sock Pikel!
Pikel is moderately wounded.
Pikel hits you with a +2 whip of flaming.
* * * LOW HITPOINT WARNING * * *
Pikel burns you.
* * * LOW HITPOINT WARNING * * *
You bludgeon Pikel!!
Pikel is almost dead.
Pikel hits you with a +2 whip of flaming!
* * * LOW HITPOINT WARNING * * *
Pikel burns you.
You die...

#..p #.# ###...##.#
####
.........##...<
#.#p....# #p#.....#
#p#K....###
#.#.........
#####p#.......##
#..@Kp._......#
#.###p#.......#
#.###.#.#######
#.##..#.#####
#.##.##.#...######.
#........#...≈.....
#.##.##.##...≈.#
#.##.#..##<#.≈)#
#.##.......##≈##


You could see Pikel and 3 slaves.

Vanquished Creatures
  An orc priest (D:2)
  An orc wizard (D:3)
  Jessica (D:2)
  5 adders (D:2)
  4 worms (D:2)
  A dart slug (D:1)
  2 leopard geckos
  5 orcs
  3 ball pythons
  7 bats
  6 giant cockroaches
  11 goblins
  7 hobgoblins
  4 jackals (D:2)
  2 quokkas
  5 frilled lizards (D:1)
  9 kobolds
  5 rats
79 creatures vanquished.

Notes
Turn   | Place    | Note
-------+----------+-------------------------------------------
     0 | D:1      | Solarlg the Ogre Berserker began the quest for the Orb.
     0 | D:1      | Reached XP level 1. HP: 24/24 MP: 1/1
    64 | D:1      | Reached XP level 2. HP: 27/32 MP: 2/2
   389 | D:1      | Reached skill level 3 in Maces & Flails
   641 | D:1      | Reached ** piety under Trog
   647 | D:1      | Reached XP level 3. HP: 28/40 MP: 3/3
  1265 | D:2      | Found an iron altar of Okawaru.
  1345 | D:2      | Noticed Jessica
  1356 | D:2      | Killed Jessica
  1356 | D:2      | Reached skill level 4 in Maces & Flails
  1356 | D:2      | Reached XP level 4. HP: 33/49 MP: 4/4
  2189 | D:2      | Reached XP level 5. HP: 21/55 MP: 5/5
  3169 | D:2      | Reached skill level 5 in Maces & Flails
  3691 | D:3      | Reached *** piety under Trog
  3825 | D:3      | Reached XP level 6. HP: 62/63 MP: 6/6
  4256 | D:4      | Found a basalt altar of Yredelemnul.
  4262 | D:4      | Noticed Pikel
  4262 | D:4      | Noticed a slave
  4262 | D:4      | Noticed a slave
  4264 | D:4      | Noticed a slave
  4264 | D:4      | Noticed a slave
  4287 | D:4      | HP: 3/94 [Pikel/+2 whip of flaming (7)]
  4287 | D:4      | Slain by Pikel

Skill      XL: |  1  2  3  4  5 |
---------------+----------------+-----
Maces & Flails | 3 4 5 |  5.5
Dodging        | 3 |  3.0
Fighting       | |  4.4

Action                   |  1- 3 |  4- 6 || total
-------------------------+-------+-------++-------
Melee: Mace              |   113 |   167 ||   280
Invok: Berserk           |       |     2 ||     2
  Use: Potion            |       |     2 ||     2
  Eat: Chunk             |     2 |     9 ||    11
Armor: Animal skin       |    45 |    35 ||    80
Dodge: Dodged            |    79 |    85 ||   164
